 Dungeon Crawl Stone Soup version 0.28-a0-1387-g3a22ab9bdc (webtiles) character file.

Game seed: 4728226801831193952

122 ChaosChampion the Skirmisher (level 5, 0/47 HPs)
             Began as a Hill Orc Fighter on Jan 2, 2022.
             Slain by Deminshera's ghost (12 damage)
             ... on level 3 of the Dungeon.
             The game lasted 00:01:46 (2222 turns).

ChaosChampion the Skirmisher (Hill Orc Fighter)     Turns: 2222, Time: 00:01:47

Health: 0/47       AC:  8    Str: 21    XL:     5   Next: 6%
Magic:  5/5        EV:  9    Int:  8    God:
Gold:   38         SH:  4    Dex: 10    Spells: 4/4 levels left

rFire   . . .      SeeInvis .   a - +0 war axe
rCold   . . .      Faith    .   c - +0 buckler
rNeg    . . .      Spirit   .   b - +0 scale mail
rPois   .          Reflect  .   (no helmet)
rElec   .          Harm     +   l - scarf {harm}
rCorr   .          Rampage  .   k - +0 pair of gloves
Will    .....                   (no boots)
Stlth   ..........              (no amulet)
HPRegen 0.15/turn               (no ring)
MPRegen 0.09/turn               (no ring)

@: no status effects
A: no striking features
a: no special abilities


You were on level 3 of the Dungeon.
You visited 1 branch of the dungeon, and saw 3 of its levels.

You collected 38 gold pieces.

Inventory:

Hand Weapons
 a - a +0 war axe (weapon)
Armour
 b - a +0 scale mail (worn)
 c - a +0 buckler (worn)
 k - a +0 pair of gloves (worn)
 l - a scarf of harm (worn)
Magical Staves
 h - a staff of poison
Scrolls
 i - 2 scrolls of teleportation {unknown}
 j - a scroll of identify {unknown}
 m - a scroll of vulnerability {unknown}
 n - a scroll of enchant weapon {unknown}
Potions
 d - 2 potions of might
 e - a potion of flight {unknown}
 f - a potion of curing {unknown}
 g - 2 potions of berserk rage {unknown}


   Skills:
 + Level 4.5 Fighting
 + Level 4.0 Axes
 + Level 4.2 Armour
 + Level 4.2 Shields


You had 4 spell levels left.
You didn't know any spells.
Your spell library was empty.

Dungeon Overview and Level Annotations

Branches:
Dungeon (3/15)

Altars:
Cheibriados
Dithmenos
Hepliaklqana
Kikubaaqudgha
Nemelex Xobeh
Qazlal
Vehumet

Annotations:
D:3 1 transporter, Deminshera's ghost, weakling NaHu


Message History

No target in view!
No target in view!
No target in view!
No target in view!
There is a transporter here.
You enter the transporter and appear at another place.
Deminshera's ghost turns its malevolent gaze towards you.
Deminshera's ghost stares at you. Deminshera's ghost hits you!
You slash the bullfrog skeleton!
The bullfrog skeleton is severely damaged.
The bullfrog skeleton hits you but does no damage.
The bullfrog skeleton hits you.
Deminshera's ghost whispers, "Be very very quiet, I'm hunting Hill Orcs."
You barely miss the bullfrog skeleton.
The bullfrog skeleton is severely damaged.
The bullfrog skeleton hits you but does no damage.
You slash Deminshera's ghost!
Deminshera's ghost is moderately damaged.
Deminshera's ghost completely misses you.
You hit Deminshera's ghost.
Deminshera's ghost is heavily damaged.
You block Deminshera's ghost's attack.
You hit Deminshera's ghost.
Deminshera's ghost is severely damaged.
Deminshera's ghost hits you!
You closely miss Deminshera's ghost.
Deminshera's ghost is severely damaged.
Deminshera's ghost hits you!
* * * LOW HITPOINT WARNING * * *
You are too injured to fight recklessly!
You are too injured to fight recklessly!
You closely miss Deminshera's ghost.
Deminshera's ghost is severely damaged.
Deminshera's ghost says very slowly, "There's no hope."
Deminshera's ghost closely misses you. You block Deminshera's ghost's attack.
You closely miss Deminshera's ghost.
Deminshera's ghost is severely damaged.
Deminshera's ghost hits you!
You die...

#.#.# ########.#.##.######.
#.#.# #..........[.#....<..
#.#.#######.#####.....###......
#.#.##.................###.†...
#.#.##.................##)#.###
###.......#############..#.##.#
#
......##..#...........#.......#
#
###.####..#...........#...###.#
# #)).....#..###@###..#...#
#.### #)###...#..#8#W#8#..#...#
#.##. #.# #...#.....ZZ...)#...#
#.##. #.#
#..©#.....©....[#©..###....
###.#
##..#..........$#..........
#...#
#..#..#8#.#8#..#.......##.
#<###
#..#..###.###..#....#..... #.#
#..#...........#....##.##. ..#
#..#©..........#....##.##.


You could see Deminshera's ghost and 2 bullfrog skeletons.

Vanquished Creatures
  An orc wizard (D:3)
  2 adders
  A worm (D:2)
  2 dart slugs
  8 orcs (D:3)
  5 ball pythons
  4 endoplasms
  3 giant cockroaches
  7 goblins
  6 hobgoblins
  4 jackals (D:2)
  3 quokkas
  4 bats
  4 frilled lizards
  3 kobolds
  4 rats
61 creatures vanquished.

Vanquished Creatures (others)
  A kobold (D:3)
1 creature vanquished.

Grand Total: 62 creatures vanquished

Notes
Turn   | Place    | Note
-------+----------+-------------------------------------------
     0 | D:1      | ChaosChampion the Hill Orc Fighter began the quest for the
                  | Orb.
     0 | D:1      | Reached XP level 1. HP: 19/19 MP: 1/1
   144 | D:1      | Reached XP level 2. HP: 20/27 MP: 2/2
   809 | D:2      | Reached XP level 3. HP: 19/33 MP: 3/3
  1084 | D:2      | Found a faded altar of an unknown god.
  1624 | D:3      | Reached XP level 4. HP: 40/40 MP: 4/4
  1674 | D:3      | Found a transporter.
  1674 | D:3      | Noticed Deminshera's ghost (weakling NaHu)
  1836 | D:3      | Found a sparkling altar of Nemelex Xobeh.
  1836 | D:3      | Found an ancient bone altar of Kikubaaqudgha.
  1898 | D:3      | Found a stormy altar of Qazlal.
  1965 | D:3      | Reached XP level 5. HP: 47/47 MP: 5/5
  1966 | D:3      | Found a shadowy altar of Dithmenos.
  1969 | D:3      | Found a hazy altar of Hepliaklqana.
  1972 | D:3      | Found a radiant altar of Vehumet.
  1975 | D:3      | Found a snail-covered altar of Cheibriados.
  2089 | D:3      | Found a transporter.
  2222 | D:3      | Slain by Deminshera's ghost

Illustrated notes

Levels and vault maps discovered:
D:1:      sevenhm_arrival_forest_fort_small_6, layout_rooms
D:2:      layout_rooms, ebering_ecumenical_altar_mist
D:3:      layout_loops_ring, nicolae_qazlal_scattered_showers,
          grunt_temple_overflow_cloverleaf, mainiacjoe_overflow_divided_tiny,
          gammafunk_ghost_mausoleum

Skill      XL: |  1  2  3  4 |
---------------+-------------+-----
Axes           | 3 4 |  4.0
Fighting       | 4 |  4.5
Armour         | 4 |  4.2
Shields        | 4 |  4.2

Action                   |  1- 3 |  4- 6 || total
-------------------------+-------+-------++-------
Melee: War axe           |   118 |    52 ||   170
Armor: Scale mail        |    62 |    24 ||    86
Dodge: Dodged            |    60 |    15 ||    75
Block: Buckler           |    23 |    15 ||    38

Table legend: (Time is in decaauts)
 A = Elapsed time spent in this place.
 B = Non-inter-level travel time spent in this place.
 C = Inter-level travel time spent in this place.
 D = Time resting spent in this place.
 E = Time spent auto-exploring this place.
 F = Levels seen in this place.
 G = Mean time per level.
                   A        B        C        D        E       F      G
               +--------+--------+--------+--------+--------+-----+--------+
         Total |   2279 |   2212 |     67 |      0 |   1757 |   3 |  759.7 |
       Dungeon |   2279 |   2212 |     67 |      0 |   1757 |   3 |  759.7 |
               +--------+--------+--------+--------+--------+-----+--------+

Top non-repeatable levels by time:
     D:2: 868 daAuts
     D:1: 784 daAuts
     D:3: 627 daAuts
